 Dungeon Crawl Stone Soup version 0.28-a0-390-gb254ac4902 (webtiles) character file.

Game seed: 3972345734791865101

4071 bande the Cleaver (level 10, -1/61 HPs)
             Began as a Gargoyle Fighter on Sept 4, 2021.
             Engulfed by a steam dragon's steam (17 damage)
             ... on level 8 of the Dungeon.
             The game lasted 00:15:52 (8844 turns).

bande the Cleaver (Gargoyle Fighter)                Turns: 8844, Time: 00:15:53

Health: -1/61      AC: 32    Str: 23    XL:     10   Next: 25%
Magic:  9/9        EV:  2    Int: 10    God:
Gold:   332        SH:  9    Dex: 10    Spells: 9/9 levels left

rFire   . . .      SeeInvis .   a - +0 war axe (freeze)
rCold   . . .      Faith    .   n - +0 kite shield
rNeg    + . .      Spirit   .   s - +0 crystal plate armour
rPois   ∞          Reflect  .   i - +0 helmet
rElec   +          Harm     .   (no cloak)
rCorr   .          Rampage  .   b - +1 pair of gloves of Epniw {Int+2}
Will    +....                   f - +0 pair of boots
Stlth   ..........              (no amulet)
HPRegen 0.20/turn               (no ring)
MPRegen 0.11/turn               (no ring)

@: no status effects
A: sickness immunity, AC +7, negative energy resistance 1, electricity
resistance, torment resistance 1, petrification resistance, iridescent scales 1,
low mp 1, strong-willed 1
a: no special abilities


You were on level 8 of the Dungeon.
You visited 2 branches of the dungeon, and saw 9 of its levels.
You also visited: Sewer.

You collected 397 gold pieces.
You spent 65 gold pieces at shops.

Inventory:

Hand Weapons
 a - a +0 war axe of freezing (weapon)
 v - a +0 mace of draining
Missiles
 r - 5 throwing nets (quivered)
Armour
 b - the +1 pair of gloves of Epniw (worn) {Int+2}
   (You acquired it on level 2 of the Dungeon)

   Int:       It affects your intelligence (+2).
 f - a +0 pair of boots (worn)
 i - a +0 helmet (worn)
 m - a +3 chain mail
 n - a +0 kite shield (worn)
 s - a +0 crystal plate armour (worn)
Jewellery
 t - a ring of protection from cold
Wands
 c - a wand of flame (13)
 j - a wand of iceblast (4)
 q - a wand of mindburst (8)
Scrolls
 k - 2 scrolls of teleportation
 o - a scroll of identify
 u - a scroll of silence
Potions
 d - 2 potions of might
 e - a potion of magic
 g - a potion of heal wounds
 h - 3 potions of brilliance
 l - 4 potions of curing
 p - a potion of invisibility


   Skills:
 + Level 6.7 Fighting
 + Level 8.8 Axes
 + Level 7.0 Armour
 - Level 0.3 Dodging
 + Level 7.4 Shields
 * Level 4.5 Evocations


You had 9 spell levels left.
You didn't know any spells.
Your spell library contained the following spells:

 Spells                   Type           Power      Damage    Failure   Level
 Animate Skeleton         Necr           0%         N/A       100%        1
 Pain                     Necr           0%         1d4       100%        1
 Summon Small Mammal      Summ           0%         N/A       100%        1
 Ensorcelled Hibernation  Hex/Ice        0%         N/A       100%        2
 Call Canine Familiar     Summ           0%         N/A       100%        3
 Portal Projectile        Hex/Tloc       0%         N/A       100%        3
 Spider Form              Tmut/Pois      0%         N/A       100%        3
 Summon Guardian Golem    Hex/Summ       0%         N/A       100%        3
 Vampiric Draining        Necr           0%         2d6       100%        3
 Leda's Liquefaction      Hex/Erth       0%         N/A       100%        4


Dungeon Overview and Level Annotations

Branches:
Dungeon (8/15)             Temple (1/1) D:5           Sewer (visited)
   Lair: D:8-11

Altars:
Ashenzari
Cheibriados
Dithmenos
Elyvilon
Fedhas
Gozag
Hepliaklqana
Kikubaaqudgha
Qazlal
Uskayaw
Vehumet
Wu Jian
Xom
Yredelemnul
Zin
The Shining One

Shops:
D:1 !!([   D:2 (   D:4 *   D:5 !

Annotations:
D:7 2 transporters


Innate Abilities, Weirdness & Mutations

You are immune to sickness and miasma.
Your stone body is resilient. (AC +7)
You are immune to poison.
You resist negative energy. (rN+)
You are resistant to electric shocks. (rElec)
You are resistant to unholy torment.
You are immune to petrification.
You are partially covered in iridescent scales. (AC +2)
Your magical capacity is low. (-10% MP)
You are strong-willed. (Will+)


Message History

The arrow freezes you.
* * * LOW HITPOINT WARNING * * *
The steam dragon bites you but does no damage.
The steam dragon claws you but does no damage.
You closely miss the steam dragon.
The steam dragon is heavily wounded.
The centaur shoots an arrow.
The arrow hits you but does no damage.
The steam dragon bites you but does no damage.
The steam dragon claws you but does no damage.
The centaur shoots an arrow.
The arrow hits you.
* * * LOW HITPOINT WARNING * * *
The arrow freezes you.
* * * LOW HITPOINT WARNING * * *
You hit the steam dragon. You freeze the steam dragon.
The steam dragon is heavily wounded.
You are engulfed in a cloud of scalding steam.
The centaur shoots an arrow.
You block the arrow.
The steam dragon bites you but does no damage.
The steam dragon claws you but does no damage.
The centaur shoots an arrow.
The arrow hits you but does no damage.
You feel much better.
You are engulfed in a cloud of scalding steam.
The centaur shoots an arrow.
You block the arrow.
The steam dragon bites you but does no damage.
The steam dragon claws you but does no damage.
You hit the steam dragon. You freeze the steam dragon.
The steam dragon is severely wounded.
The centaur shoots an arrow.
The arrow hits you.
* * * LOW HITPOINT WARNING * * *
The arrow freezes you.
* * * LOW HITPOINT WARNING * * *
The steam dragon breathes steam at you.
The ball of steam hits you but does no damage.
The centaur shoots an arrow.
You block the arrow.
The steam dragon bites you but does no damage.
The steam dragon claws you but does no damage.
Your shield and crystal plate armour prevent you from hitting the steam dragon.
The steam dragon is severely wounded.
You are engulfed in a cloud of scalding steam.
You die...

####### #####
......####...#
#######..........##
..................#
........D.........#
.......@....##....#
....§.§§....##...†#
.#..§§c§....##....#
#.....##..###....#
....... ...###....#####
####?.##.#...........<##
.... .................
.......?........######
.########


You could see a steam dragon (catching breath) and a centaur.

Vanquished Creatures
  Harold (D:7)
  Pikel (D:7)
  A manticore (D:8)
  Menkaure (D:7)
  2 water moccasins
  A sky beast (D:6)
  A hornet zombie (D:7)
  A black bear (D:6)
  An orc warrior (D:7)
  An ice beast (D:6)
  A necrophage (D:4)
  A centaur (D:6)
  2 ogres
  A kobold brigand (D:7)
  4 scorpions
  A water moccasin zombie (D:5)
  6 killer bees (D:7)
  A jelly (D:6)
  A centaur zombie (D:6)
  A bullfrog zombie (D:5)
  3 hounds
  2 bullfrog skeletons (D:4)
  A centaur skeleton (D:6)
  2 orc priests
  A gnoll shaman (D:5)
  2 iguanas
  2 orc wizards (D:7)
  A hound zombie (D:5)
  A hound skeleton (D:5)
  Robin (D:3)
  9 adders
  3 gnolls (D:5)
  A howler monkey skeleton (D:6)
  2 shadow imps
  2 white imps
  An ufetubus (D:6)
  An adder skeleton (D:4)
  A worm (D:2)
  3 dart slugs
  11 orcs
  3 endoplasms
  8 giant cockroaches
  15 goblins
  7 hobgoblins
  14 jackals
  4 quokkas
  6 ball pythons
  11 bats
  5 frilled lizards
  21 kobolds
  6 rats
180 creatures vanquished.

Vanquished Creatures (others)
  13 fungi (D:5)
  13 plants (Sewer)
26 creatures vanquished.

Grand Total: 206 creatures vanquished

Notes
Turn   | Place    | Note
-------+----------+-------------------------------------------
     0 | D:1      | bande the Gargoyle Fighter began the quest for the Orb.
     0 | D:1      | Reached XP level 1. HP: 14/14 MP: 1/1
    38 | D:1      | Found Goecluami's Armour Shop.
   221 | D:1      | Found Cuzamp's Distillery.
   534 | D:1      | Reached XP level 2. HP: 9/19 MP: 2/2
   961 | D:1      | Found a faded altar of an unknown god.
   965 | D:1      | Found Maashouc's Distillery.
  1034 | D:1      | Found Janifa's Weapon Shoppe.
  1234 | D:2      | Reached skill level 2 in Axes
  1273 | D:2      | Identified a scroll of acquirement
  1273 | D:2      | Acquired the +1 pair of gloves of Epniw {Int+2}
  1393 | D:2      | Reached XP level 3. HP: 23/23 MP: 3/3
  1886 | D:2      | Reached XP level 4. HP: 29/29 MP: 4/4
  1888 | D:2      | Found Myprus's Weapon Emporium.
  2486 | D:3      | Reached skill level 3 in Axes
  2860 | D:3      | Noticed Robin
  2867 | D:3      | Reached XP level 5. HP: 32/33 MP: 5/5
  2881 | D:3      | Killed Robin
  3366 | D:4      | Reached XP level 6. HP: 33/39 MP: 6/6
  3462 | D:4      | Reached skill level 4 in Axes
  3542 | D:4      | Found a glowing drain.
  3560 | Sewer    | Entered a sewer
  4186 | D:4      | Found Qeuh's Assorted Antiques.
  4315 | D:4      | Noticed a necrophage
  4325 | D:4      | Killed a necrophage
  4326 | D:4      | Reached XP level 7. HP: 44/44 MP: 7/7
  4419 | D:5      | Entered Level 5 of the Dungeon
  4509 | D:5      | Reached skill level 5 in Axes
  4509 | D:5      | Reached skill level 5 in Armour
  4575 | D:5      | Found a radiant altar of Vehumet.
  4657 | D:5      | Found Atzal's Distillery.
  4669 | D:5      | Bought a potion of heal wounds for 65 gold pieces
  4785 | D:5      | Reached skill level 5 in Fighting
  5001 | D:5      | Reached XP level 8. HP: 48/49 MP: 8/8
  5126 | D:5      | Found a broken altar of Ashenzari.
  5223 | D:5      | Found a staircase to the Ecumenical Temple.
  5261 | Temple   | Entered the Ecumenical Temple
  5330 | D:5      | Found a hide-covered altar of Uskayaw.
  5336 | D:5      | Reached skill level 6 in Axes
  5343 | D:5      | Found a basalt altar of Yredelemnul.
  5576 | D:6      | Found a snail-covered altar of Cheibriados.
  5651 | D:6      | Reached skill level 5 in Shields
  5651 | D:6      | Reached skill level 1 in Evocations
  5658 | D:6      | Gained mutation: You are partially covered in iridescent
                  | scales. (AC +2) [potion of mutation]
  5658 | D:6      | Gained mutation: You are strong-willed. (Will+) [potion of
                  | mutation]
  5658 | D:6      | Gained mutation: Your magical capacity is low. (-10% MP)
                  | [potion of mutation]
  5817 | D:6      | Identified the +5 ring mail of Qovetekh {Dex+4}
  6226 | D:6      | Found a blossoming altar of Fedhas.
  6546 | D:6      | Reached skill level 7 in Axes
  6546 | D:6      | Reached XP level 9. HP: 55/55 MP: 8/8
  6998 | D:7      | Acquired a +0 crystal plate armour
  7061 | D:7      | Found a transporter.
  7093 | D:7      | Noticed Pikel
  7106 | D:7      | Killed Pikel
  7471 | D:7      | Found an opulent altar of Gozag.
  7631 | D:7      | Reached skill level 8 in Axes
  7908 | D:7      | Noticed Harold
  7921 | D:7      | Killed Harold
  7922 | D:7      | Reached XP level 10. HP: 51/61 MP: 9/9
  7985 | D:7      | Found a transporter.
  8276 | D:7      | Noticed Menkaure
  8285 | D:7      | Killed Menkaure
  8457 | D:8      | Noticed a manticore
  8473 | D:8      | Killed a manticore
  8844 | D:8      | Engulfed by a steam dragon's steam

Illustrated notes

Levels and vault maps discovered:
D:1:      mushboom_english_gardens, layout_loops_ring,
          hellmonk_ecumenical_altar_run_dry, serial_shops, shop,
          nicolae_shop_waterfront, shop_statue, nicolae_shop_trees
D:2:      layout_loops_ring, serial_shops, shop, grunt_ministairs_6
D:3:      layout_rooms, uniq_robin
D:4:      layout_cave_pools, gup_sewer_entry_pipe, serial_shops,
          kennysheep_mini, grunt_ministairs_12, hangedman_abyss_or_decor_stabs,
          chequers_serial_rivers_marsh, serial_bayou_pond_c
D:5:      old_forge, layout_loops_ring,
          mainiacjoe_overflow_concentric_impassable,
          nicolae_vehumet_altar_sigil, mainiacjoe_overflow_big_doors,
          minmay_temple_entry_enclosed_plants, serial_shops, shop_statue
D:6:      layout_basic, mainiacjoe_overflow_catwalk, fedhas_altar_4
D:7:      gammafunk_cloud_chamber, layout_loops_ring, lemuel_doored_altar,
          uniq_menkaure, uniq_pikel, uniq_harold
D:8:      layout_basic, mainiacjoe_overflow_small_starburst,
          wad_floor_pattern_untrapped
Temple:   jpeg_temple_island

Skill      XL: |  1  2  3  4  5  6  7  8  9 10 |
---------------+-------------------------------+-----
Axes           | 2 3 4 5 7 8 |  8.8
Armour         | 4 5 6 7 |  7.0
Fighting       | 4 5 6 |  6.7
Shields        | 4 5 7 |  7.4
Evocations     | 2 4 |  4.5
Dodging        | |  0.3

Action                   |  1- 3 |  4- 6 |  7- 9 | 10-12 || total
-------------------------+-------+-------+-------+-------++-------
Melee: War axe           |   118 |   228 |   298 |    72 ||   716
  Use: Scroll            |     3 |     4 |     9 |       ||    16
       Potion            |       |       |     1 |     1 ||     2
Armor: Chain mail        |    83 |   181 |   144 |       ||   408
       Crystal plate arm |       |       |   151 |   102 ||   253
Dodge: Dodged            |    46 |   104 |    74 |     8 ||   232
Block: Buckler           |    31 |    63 |     3 |       ||    97
       Kite shield       |       |       |   208 |    53 ||   261

Table legend: (Time is in decaauts)
 A = Elapsed time spent in this place.
 B = Non-inter-level travel time spent in this place.
 C = Inter-level travel time spent in this place.
 D = Time resting spent in this place.
 E = Time spent auto-exploring this place.
 F = Levels seen in this place.
 G = Mean time per level.
                   A        B        C        D        E       F      G
               +--------+--------+--------+--------+--------+-----+--------+
         Total |   9227 |   9121 |    106 |   1410 |   5769 |  10 |  922.7 |
       Dungeon |   8469 |   8363 |    106 |   1410 |   5259 |   8 | 1058.6 |
        Temple |     36 |     36 |      0 |      0 |      0 |   1 |   36.0 |
         Sewer |    721 |    721 |      0 |      0 |    510 |   1 |  721.0 |
               +--------+--------+--------+--------+--------+-----+--------+

Top non-repeatable levels by time:
     D:7: 1485 daAuts
     D:6: 1458 daAuts
     D:1: 1243 daAuts
     D:5: 1152 daAuts
     D:2: 1095 daAuts
     D:3: 908 daAuts
   Sewer: 721 daAuts
     D:4: 711 daAuts
     D:8: 413 daAuts
  Temple: 36 daAuts
